 Dungeon Crawl Stone Soup version 0.30.0-5-g1a98f26d00 (webtiles) character file.

Game seed: 8074193325357410210

366812 PoweredByGinger the Axe Maniac (level 21, 0/206 HPs)
             Began as a Minotaur Berserker on May 10, 2023.
             Was the Champion of Trog.
             Killed from afar by a tengu reaver (39 damage)
             ... with a bolt of cold
             ... on level 3 of the Depths on May 12, 2023.
             The game lasted 01:19:34 (48257 turns).

PoweredByGinger the Axe Maniac (MiBe)              Turns: 48257, Time: 01:19:35

Health: 0/206      AC: 30    Str: 40    XL:     21   Next: 61%
Magic:  20/20      EV: 20    Int:  7    God:    Trog [******]
Gold:   3396       SH:  0    Dex: 13    Spells: 20/20 levels left

rFire   . . .        a - +3 executioner's axe (flame)
rCold   . . .        (shield currently unavailable)
rNeg    . . .        t - +5 scale mail of Ruxuuwk {Will+ Str+4}
rPois   +            W - +1 hat
rElec   +            E - +2 cloak {rPois}
rCorr   .            x - +3 pair of gloves of Integrity {rElec Will- Slay+3 SInv}
SInv    +            v - +2 pair of boots {rampage}
Will    +++..        P - amulet of regeneration Stlth
                     F - ring "Motis" {rElec Str+6 Int+3 Slay+2}
HPRegen 2.34/turn    f - +4 ring of slaying
MPRegen 0.17/turn

%: rampage
@: about to teleport, strong-willed, regenerating, studying Axes
A: horns 2, retaliatory headbutt, screaming 1, no potion heal 1
}: 2/15 runes: decaying, gossamer
a: Renounce Religion, Berserk, Trog's Hand, Brothers in Arms


You were on level 3 of the Depths.
You worshipped Trog.
Trog was exalted by your worship.
You visited 9 branches of the dungeon, and saw 40 of its levels.
You also visited: Sewer, Gauntlet and Volcano.

You collected 5925 gold pieces.
You spent 2529 gold pieces at shops.

Inventory:

Hand Weapons
 a - a +3 executioner's axe of flaming (weapon)
 b - a +2 longbow of flaming
 X - the +5 battleaxe of the Lurker {flame, rF+}
   (Trog gifted it to you on level 4 of the Swamp)

   rF:        It protects you from fire.
Missiles
 g - 61 poisoned darts (quivered)
 B - 9 curare-tipped darts
 H - 21 boomerangs
 K - 4 throwing nets
Armour
 t - the +5 scale mail of Ruxuuwk (worn) {Will+ Str+4}
   (You found it on level 3 of the Dungeon)

   Str:       It affects your strength (+4).
   Will:      It increases your willpower.
 v - a +2 pair of boots of rampaging (worn)
 w - a scarf of invisibility
 x - the +3 pair of gloves of Integrity (worn) {rElec Will- Slay+3 SInv}
   (You acquired it on level 4 of the Vaults)

   Slay:      It affects your accuracy & damage with ranged weapons and melee
   (+3).
   rElec:     It insulates you from electricity.
   SInv:      It lets you see invisible.
   Will:      It decreases your willpower.
 E - a +2 cloak of poison resistance (worn)
 W - a +1 hat (worn)
Jewellery
 f - a +4 ring of slaying (right hand)
 y - the ring of Virud {Fly rN++ MP-9 Dex+6}
   (You found it on level 15 of the Dungeon)

   [ring of dexterity]

   Dex:       It affects your dexterity (+6).
   rN:        It greatly protects you from negative energy.
   MP:        It affects your magic capacity (-9).
   Fly:       It grants you flight.
 F - the ring "Motis" (left hand) {rElec Str+6 Int+3 Slay+2}
   (You took it off a spriggan air mage on level 1 of the Depths)

   [ring of strength]

   Str:       It affects your strength (+6).
   Int:       It affects your intelligence (+3).
   Slay:      It affects your accuracy & damage with ranged weapons and melee
   (+2).
   rElec:     It insulates you from electricity.
 N - a +4 ring of protection
 P - an amulet of regeneration (around neck)
 Z - a ring of positive energy
Wands
 j - a wand of acid (22)
 l - a wand of roots (20)
 r - a wand of mindburst (17)
 G - a wand of flame (32)
 J - a wand of polymorph (13)
 Q - a wand of charming (24)
Scrolls
 c - 11 scrolls of teleportation
 d - 3 scrolls of butterflies
 e - 2 scrolls of fear
 m - 2 scrolls of magic mapping
 q - 5 scrolls of immolation
 s - 5 scrolls of poison
 u - 10 scrolls of vulnerability
 C - 6 scrolls of noise
 L - 8 scrolls of enchant weapon
 R - a scroll of silence
 S - 20 scrolls of identify
 U - 2 scrolls of fog
 V - 3 scrolls of blinking
 Y - 5 scrolls of enchant armour
Potions
 h - 6 potions of flight
 i - 5 potions of cancellation
 k - 16 potions of ambrosia
 n - 3 potions of magic
 o - 4 potions of invisibility
 p - 11 potions of mutation
 z - 5 potions of heal wounds
 A - 6 potions of haste
 D - 6 potions of resistance
 I - 17 potions of curing
 M - 2 potions of berserk rage
 O - 8 potions of might
 T - 9 potions of lignification


   Skills:
 + Level 21.9 Fighting
 O Level 27 Axes
 * Level 15.9 Ranged Weapons
 + Level 19.7 Armour
 + Level 19.8 Dodging


You had 20 spell levels left.
You didn't know any spells.
Your spell library was empty.

Dungeon Overview and Level Annotations

Branches:
Dungeon (15/15)            Temple (1/1) D:6            Lair (5/5) D:8
  Swamp (4/4) Lair:2       Spider (4/4) Lair:3        Slime (0/5) Lair:4
    Orc (2/2) D:9             Elf (0/3) Orc:2        Vaults (5/5) D:14
  Crypt (1/3) Vaults:3     Depths (3/4) D:15          Sewer (visited)
Volcano (visited)         Gauntlet (visited)

Altars:
Ashenzari
Dithmenos
Elyvilon
Fedhas
Gozag
Hepliaklqana
Kikubaaqudgha
Makhleb
Nemelex Xobeh
Okawaru
Qazlal
Ru
Sif Muna
Trog
Uskayaw
Vehumet
Xom
Yredelemnul
Zin
The Shining One
Jiyva

Shops:
D:8 !!=*   D:13 *   Orc:2 :**   Vaults:2 (   Vaults:4 (   Depths:2 !([

Portals:
Hell: Depths:1 Depths:2
Abyss: Depths:1
Pandemonium: Depths:2
Trove: Depths:1 (show abyssal rune of Zot)

Annotations:
D:4 2 runed translucent doors, Cressida's ghost, amateur TeEn
Lair:2 exclusion: oklob plant
Spider:2 Arachne
Depths:2 1 runed translucent door, 1 transporter, Sleet's ghost, journeyman DsBe


Innate Abilities, Weirdness & Mutations

You have a pair of horns on your head.
You reflexively headbutt those who attack you in melee.
You occasionally shout uncontrollably at your foes.
Potions are less effective at restoring your health.


Message History

You start resting.
A rakshasa is nearby!
A rakshasa is nearby!
The fire giant shouts!
You hear a deafening roar!
The fire giant casts a spell at you.
The fireball explodes!
The fireball engulfs you!!
You hear a shout! x4; You hear a deafening roar!
You hear a shout!
The fire giant gestures at you while chanting.
The bolt of fire hits you!!
* * * LOW HITPOINT WARNING * * *
A flayed ghost comes into view.
You hear a deafening roar!
You hear a deafening roar!
You hear a shout!
Your skin crawls.
You feel strong-willed.
As you read the scroll of teleportation, it crumbles to dust.
You feel strangely unstable.
Okay, then.
The rakshasa gestures at you. The lance of force misses you.
Your surroundings suddenly seem different.
A tengu reaver, a deep troll shaman, a stone giant and an ice dragon come into view.
The tengu reaver shouts!
The stone giant shouts!
The ice dragon roars deafeningly!
You hear a deafening roar!
The stone giant throws a large rock.
The large rock barely misses you.
The deep troll shaman moves out of view.
Unknown command.
As you read the scroll of teleportation, it crumbles to dust.
You feel strangely unstable. The ice dragon breathes frost at you.
The blast of cold hits you!!
* * * LOW HITPOINT WARNING * * *
Unknown command.
Unknown command.
Your system partially rejects the healing.
You feel much better.
The tengu reaver points at you and mumbles some strange words.
The bolt of cold hits the ice dragon!
The ice dragon resists.
The bolt of cold hits you!!!
You die...

.....#
.....####
.....#.)#
..†..W..#
.#...C)##
.#..#R......#
.
#####R......#
#### ... ####
#..###..#
#..#.Q## ..#
.... ...
#@D....# ..
..#.$# ..
##T.#..# .
..#### . ..#
... C.# ...
..### . ....
#.... # .#...
####. #
##.... #C. #
#.


You could see an ice dragon (catching breath), a stone giant, a tengu reaver and
a deep troll shaman.

Vanquished Creatures
  Mara (Vaults:2)
  A juggernaut (Depths:1)
  Saint Roka (Vaults:1)
  A caustic shrike (Depths:1)
  A golden dragon (Depths:1)
  Nikola (Depths:2)
  Mlioglotl (Spider:2)
  A titan (Vaults:5)
  A tentacled monstrosity (Vaults:5)
  2 quicksilver dragons (Vaults:5)
  Gastronok (D:8)
  3 sphinxes
  Kirke (Swamp:1)
  Donald (Vaults:1)
  4 tengu reavers
  A shadow dragon (Vaults:5)
  6 emperor scorpions (Spider:4)
  5 ghost moths
  11 vault wardens
  4 fire giants
  A deep elf sorcerer (Vaults:5)
  5 frost giants
  Louise (Spider:1)
  A broodmother (Spider:3)
  3 orc warlords
  21 very ugly things
  4 ironbound thunderhulks (Vaults:3)
  6 war gargoyles
  9 stone giants
  11 ironbound preservers
  2 vampire knights
  2 eleionomae
  A deep elf annihilator (Vaults:5)
  A bunyip (Swamp:2)
  8 spark wasps
  A minotaur (Gauntlet)
  13 dire elephants
  A crystal guardian (Vaults:2)
  3 fire dragons
  5 ettins
  A deep elf death mage (Vaults:4)
  Josephine (D:14)
  2 entropy weavers (Spider:2)
  11 yaktaur captains
  3 peacekeepers
  4 great orbs of eyes
  18 hydras
  3 shambling mangroves
  A jorogumo (Spider:2)
  7 ice dragons
  A salamander tyrant (Depths:2)
  2 ogre magi
  2 rakshasas (Depths:1)
  33 vault guards
  3 spriggan air magi
  An anaconda (Lair:5)
  3 radroaches
  3 ghost crabs
  6 centaur warriors
  13 ironbound frosthearts
  9 boulder beetles
  2 dancing weapons (D:14)
  5 two-headed ogres
  Erica (D:9)
  4 tengu warriors
  8 alligators
  5 deep troll shamans
  8 death scarabs (Spider:4)
  2 vampire magi
  3 death yaks (Gauntlet)
  5 deep troll earth magi
  8 hell knights
  Sonja (D:11)
  A skyshark (Lair:4)
  2 soul eaters
  6 spriggan berserkers
  Amaemon (D:9)
  Nergalle (Lair:3)
  3 skeletal warriors
  A fire crab (Lair:4)
  Lodul (D:11)
  An iron troll (Depths:1)
  A shadow wraith (Vaults:4)
  10 pharaoh ants
  11 swamp dragons
  4 spriggan druids
  6 goliath frogs
  7 orb spiders
  26 deep trolls
  4 bog bodies
  4 glowing orange brains
  10 wizards
  3 phantasmal warriors (Vaults:5)
  2 spectral wolf spiders (Spider:4)
  7 steelbarb worms
  9 lindwurms
  Pikel (D:9)
  5 necromancers
  11 ironbound convokers
  5 harpies
  2 deep elf zephyrmancers (D:15)
  11 orc sorcerers
  A deep elf pyromancer (D:15)
  5 orc knights
  2 wolf spider zombies
  48 ugly things
  A broodmother zombie (Spider:4)
  6 will-o-the-wisps
  2 oklob plants
  17 wolf spiders
  A shining eye (Gauntlet)
  14 elephants
  6 moths of wrath
  5 salamanders
  4 cyclopes
  12 vault sentinels
  2 manticores
  An orange demon (D:9)
  A black mamba (Lair:1)
  10 demonic crawlers
  2 smoke demons (Depths:2)
  2 rime drakes
  5 cane toads
  2 gargoyles
  A centaur skeleton (D:15)
  A spectral redback (Spider:4)
  4 torpor snails
  2 efreet
  2 kobold demonologists (D:11)
  2 redback zombies (Spider:4)
  3 freezing wraiths
  21 komodo dragons
  4 tengu conjurers
  23 yaktaurs
  11 meliai
  11 polar bears
  9 trolls
  2 queen bees
  14 tyrant leeches
  2 spectral culicivoras (Spider:4)
  15 hornets
  A spectral jumping spider (Spider:4)
  4 raiju (Lair:5)
  A spectral tarantella (Spider:4)
  23 blink frogs
  20 tarantellas
  27 jumping spiders
  2 centaur simulacra (D:15)
  5 dream sheep (Lair:4)
  15 culicivoras
  27 slime creatures
  A jumping spider (shapeshifter) (D:14)
  Sigmund (D:3)
  12 spriggans
  A water elemental (Depths:2)
  10 wyverns
  7 wraiths
  5 basilisks
  A golden eye (Gauntlet)
  18 yaks
  3 fire elementals
  4 hogs (Swamp:1)
  10 fire bats
  41 redbacks
  11 vampire mosquitoes
  2 steam dragons
  13 swamp worms
  9 wargs
  An acid dragon (D:11)
  A floating eye (Gauntlet)
  13 hell hounds (Lair:5)
  11 water moccasins
  5 swamp drakes (Swamp:4)
  A floating eye (shapeshifter) (Depths:3)
  21 orc warriors
  14 black bears
  An ice beast (D:5)
  2 sky beasts (D:7)
  3 boggarts (D:15)
  26 ogres
  13 centaurs
  17 wolves
  3 lemures (D:9)
  A phantom (D:5)
  6 kobold brigands
  4 scorpions
  16 bullfrogs
  3 gnoll sergeants
  5 wights
  35 killer bees
  10 electric eels
  5 howler monkeys
  2 lava snakes (Lair:4)
  7 jellies
  3 hounds
  17 orc priests
  Jessica (D:3)
  A gnoll bouda (D:5)
  3 sleepcaps
  Ijyb (D:3)
  45 orc wizards
  2 adders (D:4)
  17 gnolls
  A river rat (D:5)
  3 shadow imps
  An ufetubus (D:5)
  3 worms
  3 dart slugs
  107 orcs
  13 endoplasms
  3 giant cockroaches
  11 goblins
  5 hobgoblins
  2 jackals (D:2)
  2 quokkas
  8 ball pythons
  7 bats
  4 frilled lizards
  19 kobolds
  6 rats
  A spectral weapon (Swamp:3)
1547 creatures vanquished.

Vanquished Creatures (collateral kills)
  A bunyip (Swamp:3)
  A fire dragon (Volcano)
  An entropy weaver (Spider:3)
  A boulder beetle (Spider:3)
  2 alligators (Swamp:3)
  An orb spider (Spider:3)
  2 swamp dragons (Swamp:4)
  A spectral wolf spider (Spider:4)
  A salamander (Volcano)
  A cane toad (Lair:1)
  A demonic crawler (Spider:4)
  A spectral redback (Spider:4)
  2 komodo dragons
  A redback zombie (Spider:4)
  A meliai (Spider:3)
  A tarantella (Spider:3)
  A spectral tarantella (Spider:4)
  4 blink frogs (Lair:1)
  2 jumping spiders
  A wyvern (Lair:1)
  A steam dragon (Volcano)
  A redback (Spider:3)
  A water moccasin (Lair:1)
30 creatures vanquished.

Vanquished Creatures (others)
  A spriggan berserker (Swamp:4)
  An iron troll (Depths:2)
  A deep troll (Depths:2)
  A hornet (Swamp:2)
  2 bloated husks
  A swamp worm (Swamp:2)
  2 swamp drakes
  20 foxfires
29 creatures vanquished.

Grand Total: 1606 creatures vanquished

Notes
Turn   | Place    | Note
-------+----------+-------------------------------------------
     0 | D:1      | PoweredByGinger the Minotaur Berserker began the quest for
                  | the Orb.
     0 | D:1      | Reached XP level 1. HP: 19/19 MP: 0/0
   226 | D:1      | Reached skill level 4 in Axes
   360 | D:1      | Reached XP level 2. HP: 24/26 MP: 1/1
  1037 | D:2      | Reached ** piety under Trog
  1040 | D:2      | Reached XP level 3. HP: 31/31 MP: 2/2
  1243 | D:2      | Identified the +11 dagger "Vinas" {speed, rElec rC- rCorr
                  | Dex+5}
  1420 | D:3      | Noticed Sigmund
  1435 | D:3      | Killed Sigmund
  1436 | D:3      | Reached skill level 6 in Axes
  1436 | D:3      | Reached XP level 4. HP: 20/39 MP: 3/3
  1436 | D:3      | Reached XP level 5. HP: 24/45 MP: 4/4
  1669 | D:3      | Noticed Jessica
  1684 | D:3      | Killed Jessica
  1685 | D:3      | Reached skill level 7 in Axes
  1685 | D:3      | Reached XP level 6. HP: 45/51 MP: 5/5
  1724 | D:3      | Noticed Ijyb
  1733 | D:3      | Killed Ijyb
  1984 | D:3      | Identified the +5 scale mail of Ruxuuwk {Will+ Str+4}
  2122 | D:3      | Found a sparkling altar of Nemelex Xobeh.
  2212 | D:3      | Found a hazy altar of Hepliaklqana.
  2544 | D:4      | Found a shimmering altar of Xom.
  2545 | D:4      | Found a shimmering altar of Xom.
  2545 | D:4      | Found a shimmering altar of Xom.
  2547 | D:4      | Found a shimmering altar of Xom.
  2547 | D:4      | Found a shimmering altar of Xom.
  2556 | D:4      | Found a shimmering altar of Xom.
  2557 | D:4      | Found a shimmering altar of Xom.
  2557 | D:4      | Found a shimmering altar of Xom.
  2619 | D:4      | Found a large runed translucent door.
  2620 | D:4      | Found a large runed translucent door.
  2667 | D:4      | Reached skill level 8 in Axes
  2667 | D:4      | Reached skill level 5 in Dodging
  2667 | D:4      | Reached XP level 7. HP: 49/57 MP: 6/6
  2759 | D:4      | Found a burning altar of Makhleb.
  2788 | D:4      | Reached *** piety under Trog
  2792 | D:4      | Identified the +4 dagger of Infinity {protect, rF- Int+2
                  | Dex+4}
  2994 | D:4      | Noticed Cressida's ghost (amateur TeEn)
  3029 | D:5      | Entered Level 5 of the Dungeon
  3199 | D:5      | Reached skill level 9 in Axes
  3229 | D:5      | Found a glowing drain.
  3295 | Sewer    | Entered a sewer
  3547 | Sewer    | Reached XP level 8. HP: 64/64 MP: 7/7
  3552 | Sewer    | Reached skill level 10 in Axes
  3737 | D:5      | Found a sacrificial altar of Ru.
  4358 | D:5      | Reached skill level 11 in Axes
  5014 | D:6      | Found a staircase to the Ecumenical Temple.
  5072 | Temple   | Entered the Ecumenical Temple
  5318 | D:6      | Reached **** piety under Trog
  5368 | D:6      | Reached XP level 9. HP: 70/70 MP: 8/8
  5387 | D:6      | Reached skill level 12 in Axes
  6298 | D:7      | Reached skill level 13 in Axes
  6324 | D:6      | HP: 1/62 [wight/+5 battleaxe (4)]
  6822 | D:7      | Found a radiant altar of Vehumet.
  7313 | D:8      | Found Nouz's Assorted Antiques.
  7319 | D:8      | Bought a coppery potion for 30 gold pieces
  7355 | D:8      | Reached skill level 14 in Axes
  7521 | D:8      | Found a blossoming altar of Fedhas.
  7660 | D:8      | Found a broken altar of Ashenzari.
  7859 | D:8      | Noticed Gastronok
  7870 | D:8      | Killed Gastronok
  7871 | D:8      | Reached XP level 10. HP: 52/77 MP: 9/9
  7995 | D:8      | Reached skill level 15 in Axes
  8114 | D:8      | Found Mehejy's Distillery.
  8131 | D:8      | Bought a potion of curing for 39 gold pieces
  8131 | D:8      | Bought a potion of heal wounds for 65 gold pieces
  8206 | D:8      | Found a staircase to the Lair.
  8262 | D:8      | Found Zeumilal's Distillery.
  8274 | D:8      | Bought a potion of curing for 42 gold pieces
  8274 | D:8      | Bought a potion of curing for 42 gold pieces
  8274 | D:8      | Bought a potion of might for 56 gold pieces
  8274 | D:8      | Bought a potion of curing for 42 gold pieces
  8630 | D:8      | Found Docawac's Jewellery Shoppe.
  8872 | D:9      | Noticed Amaemon
  8872 | D:9      | Noticed an orange demon
  8962 | D:9      | Reached skill level 10 in Dodging
  9177 | D:9      | Killed an orange demon
  9188 | D:9      | Killed Amaemon
  9189 | D:9      | Reached skill level 16 in Axes
  9252 | D:9      | Found a staircase to the Orcish Mines.
  9380 | D:9      | Noticed Erica
  9388 | D:9      | Reached ***** piety under Trog
  9404 | D:9      | Killed Erica
  9487 | D:9      | Reached XP level 11. HP: 76/82 MP: 10/10
  9496 | D:9      | Noticed Pikel
  9507 | D:9      | Killed Pikel
  9508 | D:9      | Found a shimmering blue altar of Sif Muna.
 10009 | D:10     | Entered Level 10 of the Dungeon
 10016 | D:10     | Reached skill level 17 in Axes
 10346 | Lair:1   | Entered Level 1 of the Lair of Beasts
 10663 | Lair:1   | Reached skill level 18 in Axes
 11218 | Lair:1   | Identified the +7 dagger "Ogreslayer" {elec, rCorr Str+3}
 12276 | Lair:2   | Reached XP level 12. HP: 31/90 MP: 11/11
 12491 | Lair:2   | Reached skill level 19 in Axes
 12651 | Lair:2   | Found a dark tunnel.
 12656 | Volcano  | Entered a volcano
 12920 | Volcano  | Noticed a two-headed ogre
 12933 | Volcano  | Killed a two-headed ogre
 13067 | Volcano  | Reached skill level 20 in Axes
 13362 | Volcano  | Noticed a fire dragon
 13367 | Volcano  | Killed a fire dragon
 14244 | Lair:2   | Noticed an eight-headed hydra
 14255 | Lair:2   | Killed a five-headed hydra
 14432 | Lair:2   | Noticed a seven-headed hydra
 14439 | Lair:2   | Killed a four-headed hydra
 14671 | Lair:2   | Found a staircase to the Swamp.
 14806 | Lair:3   | Found a gate leading to a gauntlet.
 14816 | Gauntlet | Entered a Gauntlet
 14816 | Gauntlet | Found a transporter.
 14816 | Gauntlet | Found a transporter.
 14820 | Gauntlet | Found a transporter.
 14820 | Gauntlet | Found a transporter.
 14829 | Gauntlet | Found a transporter.
 14854 | Gauntlet | Found a transporter.
 14857 | Gauntlet | Noticed a death yak
 14858 | Gauntlet | Found a transporter.
 14858 | Gauntlet | Noticed a death yak
 14859 | Gauntlet | Noticed a death yak
 14866 | Gauntlet | Found a transporter.
 14876 | Gauntlet | Found a transporter.
 14877 | Gauntlet | Found a transporter.
 14885 | Gauntlet | Found a transporter.
 14893 | Gauntlet | Noticed a hell beast
 14933 | Gauntlet | Found a transporter.
 14978 | Gauntlet | Found a transporter.
 14992 | Gauntlet | Found a transporter.
 15096 | Gauntlet | Found a transporter.
 15114 | Gauntlet | Found a transporter.
 15207 | Gauntlet | Reached skill level 21 in Axes
 15212 | Gauntlet | Reached XP level 13. HP: 95/95 MP: 12/12
 15264 | Gauntlet | Gained mutation: Potions are less effective at restoring
                  | your health. [a shining eye]
 15266 | Gauntlet | Gained mutation: You occasionally shout uncontrollably at
                  | your foes. [a shining eye]
 15417 | Gauntlet | Noticed a minotaur
 15420 | Gauntlet | Killed a minotaur
 15456 | Gauntlet | Identified the +1 leather armour "Ipeshuuro" {Rampage}
 15535 | Lair:3   | Noticed Nergalle
 15542 | Lair:3   | Killed Nergalle
 15903 | Lair:3   | Found a hole to the Spider Nest.
 16306 | Lair:4   | Found a staircase to the Slime Pits.
 16332 | Lair:4   | Reached skill level 5 in Fighting
 16338 | Lair:4   | Found a viscous altar of Jiyva.
 16348 | Lair:4   | Reached skill level 22 in Axes
 17594 | Lair:4   | Received a gift from Trog
 18574 | Lair:5   | Entered Level 5 of the Lair of Beasts
 18670 | Lair:5   | Reached skill level 23 in Axes
 18726 | Lair:5   | Reached XP level 14. HP: 114/114 MP: 13/13
 19741 | Orc:1    | Entered Level 1 of the Orcish Mines
 19754 | Orc:1    | Reached skill level 24 in Axes
 20215 | Orc:2    | Entered Level 2 of the Orcish Mines
 20235 | Orc:2    | Noticed an orc warlord
 20431 | Orc:2    | Killed an orc warlord
 20504 | Orc:2    | Noticed an orc warlord
 20520 | Orc:2    | Killed an orc warlord
 20521 | Orc:2    | Reached skill level 10 in Fighting
 20713 | Orc:2    | Found a staircase to the Elven Halls.
 20744 | Orc:2    | Reached ****** piety under Trog
 20977 | Orc:2    | Received a gift from Trog
 21441 | Orc:2    | Found Kualahulinn's General Store.
 21441 | Orc:2    | Found Zon Kikh's Book Emporium.
 21447 | Orc:2    | Bought a potion of invisibility for 104 gold pieces
 21456 | Orc:2    | Bought a manual of Axes for 1120 gold pieces
 21495 | Orc:2    | Found Sik Meuss's Book Emporium.
 21512 | Orc:2    | Found Joysmib's General Store.
 21536 | Orc:2    | Bought a scroll of fear for 68 gold pieces
 21536 | Orc:2    | Bought a scroll of identify for 34 gold pieces
 22498 | D:11     | Identified the +1 battleaxe of Dominance {antimagic,
                  | *Corrode rPois SInv} (Trog gifted it to you on level 11 of
                  | the Dungeon)
 22498 | D:11     | Received a gift from Trog
 22502 | D:11     | Reached skill level 25 in Axes
 22583 | D:11     | Noticed Lodul
 22597 | D:11     | Killed Lodul
 22729 | D:11     | Noticed Sonja
 22736 | D:11     | Killed Sonja
 23643 | D:12     | Reached XP level 15. HP: 114/129 MP: 14/14
 24358 | D:13     | Found Avvaosh's General Store.
 24745 | D:13     | You fall into a shaft and drop 2 floors!
 24745 | D:15     | Entered Level 15 of the Dungeon
 24818 | D:15     | Reached skill level 26 in Axes
 25735 | D:14     | Found a gate to the Vaults.
 25751 | D:14     | Reached skill level 5 in Armour
 25791 | D:14     | Found a shimmering blue altar of Sif Muna.
 25792 | D:14     | Noticed Josephine
 25820 | D:14     | Killed Josephine
 26541 | D:15     | Identified the ring of Virud {Fly rN++ MP-9 Dex+6}
 26626 | D:15     | Reached skill level 27 in Axes
 26635 | D:15     | Found a staircase to the Depths.
 26695 | D:15     | Received a gift from Trog
 27637 | Swamp:1  | Entered Level 1 of the Swamp
 28064 | Swamp:1  | Noticed Kirke
 28089 | Swamp:1  | Killed Kirke
 28934 | Swamp:2  | Reached XP level 16. HP: 93/145 MP: 15/15
 29257 | Swamp:2  | You fall into a shaft and drop 1 floor!
 29279 | Swamp:3  | Received a gift from Trog
 29691 | Swamp:2  | Reached skill level 10 in Armour
 30851 | Swamp:3  | Reached skill level 15 in Fighting
 31252 | Swamp:3  | Identified the +1 ring mail of the Abyss {rPois rC- Will+}
 31366 | Swamp:4  | Entered Level 4 of the Swamp
 32298 | Swamp:4  | Identified the +5 battleaxe of the Lurker {flame, rF+}
                  | (Trog gifted it to you on level 4 of the Swamp)
 32298 | Swamp:4  | Received a gift from Trog
 32913 | Swamp:4  | Got a decaying rune of Zot
 33039 | Spider:1 | Entered Level 1 of the Spider Nest
 33343 | Spider:1 | Identified the +1 ring mail of the Snake Pit {rN+ Str+2}
 33481 | D:8      | Bought an amulet of regeneration for 450 gold pieces
 33672 | Spider:1 | Noticed Louise
 33689 | Spider:1 | Killed Louise
 34037 | Spider:1 | Identified the +5 sling "Woeveaz" {freeze, rPois rN+ Will+
                  | rCorr Dex-2}
 34203 | Spider:1 | Reached XP level 17. HP: 160/160 MP: 16/16
 34350 | Spider:2 | Received a gift from Trog
 34693 | Spider:2 | Noticed Arachne
 34834 | Spider:2 | Reached skill level 15 in Dodging
 35148 | Spider:2 | You fall into a shaft and drop 1 floor!
 35181 | Spider:3 | Received a gift from Trog
 35272 | Spider:3 | Noticed Mlioglotl
 35285 | Spider:2 | Killed Mlioglotl
 36154 | Spider:4 | Entered Level 4 of the Spider Nest
 36352 | Spider:4 | Reached skill level 15 in Armour
 37201 | Spider:4 | Reached XP level 18. HP: 149/173 MP: 1/17
 37585 | Spider:4 | Got a gossamer rune of Zot
 37982 | Vaults:1 | Entered Level 1 of the Vaults
 38059 | Vaults:1 | Reached skill level 1 in Ranged Weapons
 38249 | Vaults:1 | Noticed Saint Roka
 38263 | Vaults:1 | Killed Saint Roka
 38263 | Vaults:1 | Received a gift from Trog
 38551 | Vaults:1 | Noticed Donald
 38557 | Vaults:1 | Killed Donald
 39177 | Vaults:1 | Reached skill level 5 in Ranged Weapons
 39576 | Vaults:2 | Identified the +4 hand axe "Hiklah" {antimagic, rC+} (Trog
                  | gifted it to you on level 2 of the Vaults)
 39576 | Vaults:2 | Received a gift from Trog
 39834 | Vaults:2 | Identified the +9 mace of Leidust {freeze, Int+2}
 39937 | Vaults:2 | Noticed Mara
 39950 | Vaults:2 | Killed Mara
 40002 | Vaults:2 | Reached XP level 19. HP: 173/183 MP: 18/18
 40390 | Vaults:2 | Found Eguley's Antique Weapon Shop.
 41103 | Vaults:3 | Received a gift from Trog
 41971 | Vaults:3 | Reached skill level 10 in Ranged Weapons
 42163 | Vaults:3 | Found a staircase to the Crypt.
 42383 | Vaults:3 | Received a gift from Trog
 42543 | Crypt:1  | Entered Level 1 of the Crypt
 43254 | Vaults:4 | Identified the +2 leather armour of Fagreu {rC+++ rN+ Will-
                  | rCorr}
 43558 | Vaults:4 | Identified the +11 scale mail of Spring Thaw {rElec Slay+4}
 43592 | Vaults:4 | Found Kannee's Weapon Shop.
 43780 | Vaults:4 | Identified a scroll of acquirement
 43781 | Vaults:4 | Acquired the +3 pair of gloves of Integrity {rElec Will-
                  | Slay+3 SInv}
 43799 | Vaults:5 | Entered Level 5 of the Vaults
 43809 | Vaults:5 | Reached XP level 20. HP: 195/195 MP: 19/19
 43874 | Vaults:4 | Received a gift from Trog
 43954 | Vaults:5 | HP: 9/182 [steelbarb worm (glowing shapeshifter) (16)]
 44096 | Vaults:5 | Identified the +8 trident of Checks and Balances {flame,
                  | Drain rElec rPois SInv}
 44135 | Vaults:5 | Received a gift from Trog
 44153 | Vaults:5 | Identified the ring "Ycvothrea" {rN+ Will+ EV+5 Str-4
                  | Int+3}
 44153 | Vaults:5 | Noticed an ancient lich
 44567 | Depths:1 | Entered Level 1 of the Depths
 44591 | Depths:1 | Found a gateway to Hell.
 44707 | Depths:1 | Identified the +7 chain mail "Pufitet" {Dex+4}
 45132 | Depths:1 | Found a one-way gate to the infinite horrors of the Abyss.
 45387 | Depths:1 | Found a portal to a secret trove of treasure.
 45710 | Depths:1 | Noticed a juggernaut
 45717 | Depths:1 | Killed a juggernaut
 45854 | Depths:1 | Reached XP level 21. HP: 205/205 MP: 20/20
 45856 | Depths:1 | Noticed a golden dragon
 45870 | Depths:1 | Killed a golden dragon
 45976 | Depths:1 | Noticed a caustic shrike
 45985 | Depths:1 | Killed a caustic shrike
 45985 | Depths:1 | Received a gift from Trog
 46482 | Depths:1 | Identified the ring "Motis" {rElec Str+6 Int+3 Slay+2}
 46726 | Depths:2 | Reached skill level 15 in Ranged Weapons
 46906 | Depths:2 | Identified the +1 scale mail of Kikubaaqudgha, Brewing
                  | {rElec Str+3}
 46994 | Depths:2 | Found a runed translucent door.
 47006 | Depths:2 | Found a runed translucent door.
 47114 | Depths:2 | Identified the +5 great mace "Emutot" {freeze, *Noise Str+4
                  | Int+3}
 47117 | Depths:2 | Found a transporter.
 47117 | Depths:2 | Noticed Sleet's ghost (journeyman DsBe)
 47119 | Depths:2 | Identified the ring "Sesyryru" {rPois EV+5 Str+3}
 47132 | Depths:2 | Found Otzyrug's Distillery.
 47134 | Depths:2 | Found Tod Lia's Weapon Shop.
 47136 | Depths:2 | Found Miryquro's Armour Boutique.
 47140 | Depths:2 | Bought a potion of curing for 57 gold pieces
 47140 | Depths:2 | Bought a potion of invisibility for 152 gold pieces
 47140 | Depths:2 | Bought a potion of might for 76 gold pieces
 47140 | Depths:2 | Bought a potion of ambrosia for 152 gold pieces
 47337 | Depths:2 | Found a one-way gate leading to the halls of Pandemonium.
 47520 | Depths:2 | Noticed Nikola
 47529 | Depths:2 | Killed Nikola
 48257 | Depths:3 | Killed from afar by a tengu reaver

Illustrated notes

Levels and vault maps discovered:
D:1:      minmay_arrival_widening_spiral_wide, layout_basic
D:2:      layout_basic, grunt_ministairs_14
D:3:      layout_loops_ring, nemelex_dance_club_becter,
          nzn_hepliaklqana_mist_gate, uniq_ijyb, uniq_jessica, uniq_sigmund
D:4:      layout_rooms, xom_redecorated, bloody_makhleb,
          ebering_ghost_disaster_area, minivault_25, kennysheep_generic_room_4
D:5:      layout_basic, old_standard_altar, cheibrodos_sewer_entry_sluice,
          grunt_tough_drop
D:6:      layout_gridville, minmay_temple_entry_antechambers
D:7:      layout_basic, nicolae_vehumet_altar_sigil
D:8:      nicolae_moon_pools, layout_layer_cave, mainiacjoe_overflow_paths,
          fedhas_ov_isle_minmay, serial_shops, nicolae_shop_gaudy_bauble, shop,
          shop, nicolae_shop_stone, uniq_gastronok
D:9:      layout_loops_ring, mainiacjoe_overflow_cross_hatched,
          hiddenorc1_lemuel, minivault_21, uniq_pikel, uniq_erica, uniq_amaemon
D:10:     statuecave_lemuel, layout_loops_corners, slow_altar_1,
          amcnicky_altar_gilded, nzn_ghost_randoct, abandoned_shop
D:11:     layout_roguey, uniq_sonja, uniq_lodul
D:12:     layout_grid_maze
D:13:     layout_irregular_city, serial_shops, shop
D:14:     layout_long_grid, erik_vaults_1, nicolae_sif_muna_condensation,
          uniq_josephine
D:15:     grunt_enter_depths_magical_seal, layout_gridville,
          small_statue_intersection, dk_noncrumbling_4
Temple:   minmay_temple_curvy_loop
Lair:1:   layout_cellular_growth, serial_bayou_lake_a,
          infiniplex_staircase_pool_2, grunt_megastairs_1
Lair:2:   minmay_lair_oklob_tunnel, layout_loops_ring, palyth_hydra_swamp_entry,
          enter_volcano_1
Lair:3:   layout_loops_ring, spider_nest_entry_web_field,
          gauntlet_entry_generic, minmay_lair_oklob_items, lemuel_fruit_tree,
          uniq_nergalle
Lair:4:   layout_loops_ring, nicolae_slime_entry_slimehenge,
          minmay_lair_oklob_bushes, hangedman_lair_unloving_vines,
          grunt_forest_small_clearings, st_stairs_5, nicolae_lair_liquid_snakes
Lair:5:   hangedman_lair_caniforms_friends, layout_hall_layers, special_room
          [special_room_bee]
Swamp:1:  layout_basic_swamp, evilmike_swamp_ruin_rubble_1, uniq_kirke
Swamp:2:  layout_basic_swamp, hangedman_swamp_ruin_wall
Swamp:3:  layout_basic_swamp, evilmike_swamp_ruin_house_4, swamp_pool4,
          nzn_swamp_dancing_lights
Swamp:4:  swamp_basic_johnstein, layout_basic_swamp
Spider:1: layout_spider_delve, uniq_louise
Spider:2: layout_spider_delve, uniq_arachne
Spider:3: layout_spider_delve, hangedman_stitches_earthworm, uniq_mlioglotl
Spider:4: floodkiller_spider_rune_tomb
Orc:1:    layout_caves
Orc:2:    st_orc_town, layout_diamond_mine, nicolae_orc_sculptors_studio
Vaults:1: v_misc_25, nicolae_vaults_heart-shaped_vault,
          ontoclasm_vaults_gateway, v_misc_1,
          nicolae_vaults_offset_grid_hallway_3, nicolae_vaults_sightless_eye,
          nicolae_vaults_cornered_office, nicolae_vaults_storage_room_water,
          nicolae_vaults_house_2, nicolae_vaults_diamond_1,
          layout_vaults_omnigrid, uniq_saint_roka, uniq_donald
Vaults:2: nicolae_vaults_tangram_2, nicolae_vaults_closet_pinwheel_5,
          nicolae_vaults_mini_display_case, hangedman_vaults_slither,
          vaults_dpeg_cross, nicolae_vaults_heart-shaped_vault,
          nicolae_vaults_cochlea, vaults_room_stairs_pillars,
          ontoclasm_vaults_decontamination, v_misc_9,
          nicolae_vaults_apartment_2, nicolae_vaults_sealed_display,
          layout_vaults_big_cross, serial_shops, shop, uniq_mara
Vaults:3: nicolae_vaults_ellipses_ellipsis, nicolae_vaults_angled_halls,
          minmay_crypt_entry_simple_sparse, hangedman_vaults_nodes, v_misc_33,
          nicolae_vaults_layer_cake_slice, vaults_dpeg_diagonal,
          nicolae_vaults_closet_pinwheel_4, nicolae_vaults_double_plus_2,
          nicolae_vaults_tetromino_L_2, layout_vaults_ring
Vaults:4: v_misc_8, v_misc_16, v_misc_1, ontoclasm_vaults_claustrophobia,
          nicolae_vaults_taking_the_gang_shopping,
          nicolae_vaults_network_periphery, nicolae_vaults_storage_closets_3,
          layout_vaults_big_room
Vaults:5: serial_shops
Crypt:1:  layout_chaotic_city, grunt_crypt_arrival_split, lemuel_upstairs_altar
Depths:1: evilmike_lava_path, layout_gridlike, hell_entry,
          minmay_misc_feat_plants, abyss_entry, enter_trove_5,
          hangedman_corner_corridor
Depths:2: thingy_vault_2, layout_gridville, gammafunk_ghost_smash, hellmouth_1,
          serial_bayou_pond_b, pan_entry, infiniplex_staircase_split_hallway,
          minmay_shop_star, uniq_nikola
Depths:3: hangedman_cross_cluster, layout_cave_shapes, grunt_mini_vestibule,
          rand_demon_pan_entry_1, minmay_misc_feat_tower,
          marbit_kobold_abyss_entry

Skill      XL: |  1  2  3  4  5  6  7  8  9 10 11 12 13 14 15 16 17 18 19 20 21 |
---------------+----------------------------------------------------------------+-----
Axes           | 4 6 7 8 9 11 14 16 18 21 23 25 27 | 27.0
Dodging        | 4 5 6 7 9 11 12 14 16 17 18 19 | 19.8
Fighting       | 7 11 13 16 18 19 20 21 | 21.9
Armour         | 8 13 15 16 18 19 | 19.7
Ranged Weapons | 7 11 14 15 | 15.9

Action                     |  1- 3 |  4- 6 |  7- 9 | 10-12 | 13-15 | 16-18 | 19-21 || total
---------------------------+-------+-------+-------+-------+-------+-------+-------++-------
  Melee: Hand axe          |    77 |    68 |   253 |       |       |       |       ||   398
         Headbutt          |     9 |    11 |    58 |    60 |   175 |   183 |   189 ||   685
         Punch             |       |       |     7 |       |       |       |       ||     7
         Battleaxe         |       |       |    54 |   358 |   908 |   146 |     2 ||  1468
         Executioner's axe |       |       |       |       |    40 |   694 |   717 ||  1451
   Fire: Longbow           |       |       |       |       |       |       |    21 ||    21
 Invoke: Berserk           |     1 |     3 |    11 |    15 |    12 |    11 |     9 ||    62
         Trog's Hand       |       |       |     2 |     6 |     5 |     9 |     8 ||    30
         Brothers in Arms  |       |       |       |     3 |       |     5 |     2 ||    10
    Use: Scroll            |       |       |    13 |     6 |    10 |     6 |     9 ||    44
         Potion            |       |       |     2 |       |       |     2 |    16 ||    20
   Stab: Distracted        |       |       |       |     1 |       |       |       ||     1
         Confused          |       |       |       |       |       |     1 |       ||     1
 Armour: Animal skin       |     2 |       |       |       |       |       |       ||     2
         Chain mail        |    38 |    21 |       |       |       |       |       ||    59
         Scale mail        |       |    10 |   124 |   127 |   286 |   465 |   292 ||  1304
  Dodge: Dodged            |    33 |    28 |   135 |   236 |   425 |   633 |   417 ||  1907
  Block: Other             |       |       |       |       |   105 |    52 |       ||   157
         Reflection        |       |       |       |       |     8 |     4 |       ||    12
